Map: Torres Crepusculares

Players

Miltreta

  • Race: Terran Terran
  • League: Bronze

I.A. 1 (Fácil) - Winner!

  • Race: Zerg Zerg

VOD

Have the link to the VOD?

Description

Time

  • Played on: March 11, 2016, 8:22 a.m.
  • Length: 6:32
Show
View Real Time Build Order
Export as new Build Order

Miltreta Terran 

Build Orders:  

Get SALT Encoding   

  12  0:06  SCV  
  13  0:18  SCV  
  14  0:35  Supply Depot  
  14  0:45  SCV  
  15  1:15  Barracks  
  15  1:28  SCV  
  16  1:49  Refinery  
  16  1:58  SCV  
  17  2:10  SCV  
  17  2:12  Marine  
  19  2:22  SCV  
  20  2:30  Marine  
  21  2:44  Supply Depot  
  21  2:48  Marine  
  22  3:06  Marine  
  23  3:28  SCV  
  24  3:42  Refinery  
  24  4:54  Factory  
  24  5:15  Supply Depot  
  24  5:37  Supply Depot  
  24  5:57  Hellion  
Show
View Real Time Build Order
Export as new Build Order

I.A. 1 (Fácil) Zerg - Winner!

Build Orders: Pool First 

Get SALT Encoding   

  12  0:01  Drone  
  13  0:12  Overlord  
  13  0:17  Drone  
  14  0:30  Drone  
  14  0:34  Drone  
  16  0:43  Spawning Pool  
  16  0:45  Extractor  
  16  0:46  Drone  
  15  0:51  Drone  
  16  0:58  Overlord  
  16  1:31  Queen, Zergling x2  
  16  1:32  Roach Warren  
  18  1:34  Extractor  
  18  1:35  Drone  
  18  1:36  Zergling x2  
  19  1:42  Drone  
  20  1:52  Zergling x2  
  21  2:03  Zergling x2  
  22  2:14  Zergling x2  
  23  2:24  Zergling x2  
  24  2:35  Overlord  
  24  2:38  Zergling x2, Drone  
  24  2:43  Zergling x2  
  27  2:47  Drone  
  28  2:58  Drone  
  29  3:08  Drone  
  30  3:13  Overlord, Drone  
  30  3:17  Drone  
  32  5:12  Lair, Drone  
  32  5:13  Overlord  
  33  5:16  Drone  
  33  5:20  Drone  
  35  5:24  Drone  
  36  5:33  Hatchery  
  36  5:34  Drone  
  35  6:09  Overseer x2  
  35  6:11  Spire  
Tags
 
Add a new tag
Caveats
  • Supply blocks, unpowered buildings, or Contaminate may cause inaccurate times.
  • Supply counts are checked every 10 seconds.